BSA
KALAMAZOO ROYALE WITH CHEESE @ JERSEY SHORE D-BAGS
05/24/2028
 
TOP OF THE 1ST
Kalamazoo Royale with Cheese batting - Pitching for Jersey Shore D-Bags : RHP Roland Martin
Pitching: RHP Roland Martin
Batting: LHB Tom Blake 0-0: Called Strike
0-1: Ball
1-1: Ground out 1-3 (Groundball, 13)
Batting: LHB Doyle Otterburn 0-0: SINGLE (Line Drive, 7S)
Batting: RHB Andy Aiton 0-0: Ball
1-0: Ball
2-0: Fly out, F8 (Flyball, 78D)
Batting: LHB Donovan Bird 0-0: SINGLE (Groundball, 4MD)
Doyle Otterburn to second
Batting: LHB Roberto Sandoval 0-0: Ball
1-0: Swinging Strike
1-1: Foul Ball, location: 2F
1-2: Ball
2-2: Strikes out swinging
Top of the 1st over - 0 run(s), 2 hit(s), 0 error(s), 2 left on base; Kalamazoo 0 - Jersey Shore 0
BOTTOM OF THE 1ST
Jersey Shore D-Bags batting - Pitching for Kalamazoo Royale with Cheese : LHP Octávio Ramírez
Pitching: LHP Octávio Ramírez
Batting: RHB Ricardo González 0-0: Ball
1-0: Foul Ball, location: 2F
1-1: Foul Ball, location: 2F
1-2: Ball
2-2: Reached on error, E6 (Groundball, 6)
Batting: RHB Millard Boyd 0-0: Ball
1-0: Called Strike
1-1: Grounds into double play, 5-4-3 (Groundball, 5)
Batting: RHB Miguel Serna 0-0: Ball
1-0: Foul Ball, location: 2F
1-1: Ball
2-1: SINGLE (Line Drive, 34D)
Batting: LHB Albert Morgan 0-0: Called Strike
Miguel Serna is caught stealing 2nd base
Bottom of the 1st over - 0 run(s), 1 hit(s), 1 error(s), 0 left on base; Kalamazoo 0 - Jersey Shore 0
TOP OF THE 2ND
Kalamazoo Royale with Cheese batting - Pitching for Jersey Shore D-Bags : RHP Roland Martin
Batting: LHB Greg Schultz 0-0: Ball
1-0: Ball
2-0: Ground out 6-3 (Groundball, 6)
Batting: LHB Bill McJannett 0-0: Called Strike
0-1: Called Strike
0-2: Ball
1-2: Foul Ball, location: 2F
1-2: Ball
2-2: Strikes out swinging, 2-3 out at first.
Batting: RHB Jorge Márquez 0-0: Ball
1-0: Ball
2-0: Ground out 5-3 (Groundball, 5)
Top of the 2nd over - 0 run(s), 0 hit(s), 0 error(s), 0 left on base; Kalamazoo 0 - Jersey Shore 0
BOTTOM OF THE 2ND
Jersey Shore D-Bags batting - Pitching for Kalamazoo Royale with Cheese : LHP Octávio Ramírez
Batting: LHB Albert Morgan 0-0: DOUBLE (Line Drive, 9LS)
Batting: RHB Luis Ríos 0-0: Foul Ball, location: 2F
0-1: Foul Ball, location: 2F
0-2: Ball
1-2: Ground out 5-3 (Groundball, 56S)
Albert Morgan to third
Batting: LHB António Cedeño 0-0: Swinging Strike
0-1: Foul Ball, location: 2F
0-2: Strikes out looking
Batting: LHB Pat Zimmerman 0-0: Ball
1-0: Called Strike
1-1: Fly out, F7 (Flyball, 78M)
Bottom of the 2nd over - 0 run(s), 1 hit(s), 0 error(s), 1 left on base; Kalamazoo 0 - Jersey Shore 0
TOP OF THE 3RD
Kalamazoo Royale with Cheese batting - Pitching for Jersey Shore D-Bags : RHP Roland Martin
Batting: SHB Caden Keith 0-0: Called Strike
0-1: Ball
1-1: Ground out 6-3 (Groundball, 6)
Batting: LHB Tom Blake 0-0: Called Strike
0-1: Ball
1-1: Ball
2-1: Fly out, F4 (Popup, 3D)
Batting: LHB Doyle Otterburn 0-0: Called Strike
0-1: Foul Ball, location: 2F
0-2: Ground out 4-3 (Groundball, 4)
Top of the 3rd over - 0 run(s), 0 hit(s), 0 error(s), 0 left on base; Kalamazoo 0 - Jersey Shore 0
BOTTOM OF THE 3RD
Jersey Shore D-Bags batting - Pitching for Kalamazoo Royale with Cheese : LHP Octávio Ramírez
Batting: LHB Ed Murray 0-0: Foul Ball, location: 2F
0-1: SINGLE (Groundball, 3D)
Batting: LHB Juan Hernández 0-0: Ball
1-0: Called Strike
1-1: Swinging Strike
1-2: Strikes out swinging
Batting: RHB Ricardo González 0-0: Ball
1-0: Ball
2-0: Ball
3-0: Called Strike
3-1: Foul Ball, location: 2F
3-2: Foul Ball, location: 2F
3-2: Fly out, F9 (Flyball, 9S)
Batting: RHB Millard Boyd 0-0: Ball
1-0: Ball
2-0: Ball
3-0: Base on Balls
Ed Murray to second
Batting: RHB Miguel Serna 0-0: Ball
1-0: SINGLE (Line Drive, 4D)
Ed Murray to third
Millard Boyd to second
Runner from 3rd tries for Home, throw and OUT!
Bottom of the 3rd over - 0 run(s), 2 hit(s), 0 error(s), 2 left on base; Kalamazoo 0 - Jersey Shore 0
TOP OF THE 4TH
Kalamazoo Royale with Cheese batting - Pitching for Jersey Shore D-Bags : RHP Roland Martin
Batting: RHB Andy Aiton 0-0: Ball
1-0: Ball
2-0: SINGLE (Groundball, 4MD)
Batting: LHB Donovan Bird 0-0: Ball
1-0: Foul Ball, location: 2F
1-1: Swinging Strike
1-2: Strikes out looking
Batting: LHB Roberto Sandoval 0-0: Foul Ball, location: 2F
0-1: Ball
1-1: Swinging Strike
1-2: Foul Ball, location: 2F
1-2: Foul Ball, location: 2F
1-2: Ball
2-2: Ball
3-2: Foul Ball, location: 2F
3-2: Foul Ball, location: 2F
3-2: Fly out, F8 (Flyball, 8RM)
Batting: LHB Greg Schultz 0-0: Ball
1-0: Called Strike
1-1: Ball
2-1: Ball
3-1: Foul Ball, location: 2F
3-2: Fly out, F1 (Line Drive, 13)
Top of the 4th over - 0 run(s), 1 hit(s), 0 error(s), 1 left on base; Kalamazoo 0 - Jersey Shore 0
BOTTOM OF THE 4TH
Jersey Shore D-Bags batting - Pitching for Kalamazoo Royale with Cheese : LHP Octávio Ramírez
Batting: LHB Albert Morgan 0-0: Ball
1-0: Ground out 4-3 (Groundball, 4)
Batting: RHB Luis Ríos 0-0: Ball
1-0: Fly out, F9 (Flyball, 9D)
Batting: LHB António Cedeño 0-0: Foul Ball, location: 2F
0-1: Ball
1-1: Swinging Strike
1-2: Strikes out looking
Bottom of the 4th over - 0 run(s), 0 hit(s), 0 error(s), 0 left on base; Kalamazoo 0 - Jersey Shore 0
TOP OF THE 5TH
Kalamazoo Royale with Cheese batting - Pitching for Jersey Shore D-Bags : RHP Roland Martin
Batting: LHB Bill McJannett 0-0: Ball
1-0: Ball
2-0: Called Strike
2-1: Swinging Strike
2-2: Strikes out looking
Batting: RHB Jorge Márquez 0-0: Called Strike
0-1: Swinging Strike
0-2: Ball
1-2: Ball
2-2: Ball
3-2: Strikes out swinging
Batting: SHB Caden Keith 0-0: Ball
1-0: Ball
2-0: Called Strike
2-1: Ground out U3 (Groundball, 3)
Top of the 5th over - 0 run(s), 0 hit(s), 0 error(s), 0 left on base; Kalamazoo 0 - Jersey Shore 0
BOTTOM OF THE 5TH
Jersey Shore D-Bags batting - Pitching for Kalamazoo Royale with Cheese : LHP Octávio Ramírez
Batting: LHB Pat Zimmerman 0-0: Called Strike
0-1: Ball
1-1: Ground out 6-3 (Groundball, 6M)
Batting: LHB Ed Murray 0-0: Called Strike
0-1: Ball
1-1: Swinging Strike
1-2: Ball
2-2: Strikes out looking
Batting: LHB Juan Hernández 0-0: Ground out 6-3 (Groundball, 56D)
Bottom of the 5th over - 0 run(s), 0 hit(s), 0 error(s), 0 left on base; Kalamazoo 0 - Jersey Shore 0
TOP OF THE 6TH
Kalamazoo Royale with Cheese batting - Pitching for Jersey Shore D-Bags : RHP Roland Martin
Batting: LHB Tom Blake 0-0: Ball
1-0: Fly out, F8 (Line Drive, 89D)
Batting: LHB Doyle Otterburn 0-0: Foul Ball, location: 2F
0-1: SOLO HOME RUN (Flyball, 9D), Distance : 369 ft
Batting: RHB Andy Aiton 0-0: Foul Ball, location: 2F
0-1: Ball
1-1: Foul Ball, location: 2F
1-2: Foul Ball, location: 2F
1-2: Ball
2-2: Foul Ball, location: 2F
2-2: Foul Ball, location: 2F
2-2: DOUBLE (Flyball, 9LM)
Batting: LHB Donovan Bird 0-0: Intentional Walk
Batting: LHB Roberto Sandoval 0-0: Foul Ball, location: 2F
0-1: Ball
1-1: Ball
2-1: Foul Ball, location: 2F
2-2: Ball
3-2: Foul Ball, location: 2F
3-2: Fly out, F7 (Flyball, 7D)
Batting: LHB Greg Schultz 0-0: Ball
1-0: Swinging Strike
1-1: Ball
2-1: DOUBLE (Groundball, 3L)
Andy Aiton scores
Donovan Bird to third
Runner from 3rd tries for Home, SAFE, no throw
Batting: LHB Bill McJannett 0-0: Intentional Walk
Pitching: RHP Cristóbal Santos
Batting: RHB Jorge Márquez 0-0: Ground out 4-3 (Groundball, 34D)
Top of the 6th over - 3 run(s), 3 hit(s), 0 error(s), 2 left on base; Kalamazoo 3 - Jersey Shore 0
BOTTOM OF THE 6TH
Jersey Shore D-Bags batting - Pitching for Kalamazoo Royale with Cheese : LHP Octávio Ramírez
Batting: RHB Ricardo González 0-0: Called Strike
0-1: Swinging Strike
0-2: SINGLE (Line Drive, 89S)
Batting: RHB Millard Boyd 0-0: Ball
1-0: Foul Ball, location: 2F
1-1: Grounds into double play, 5-4-3 (Groundball, 56)
Batting: RHB Miguel Serna 0-0: Foul Ball, location: 2F
0-1: Ball
1-1: Ground out 5-3 (Groundball, 56)
Bottom of the 6th over - 0 run(s), 1 hit(s), 0 error(s), 0 left on base; Kalamazoo 3 - Jersey Shore 0
TOP OF THE 7TH
Kalamazoo Royale with Cheese batting - Pitching for Jersey Shore D-Bags : RHP Cristóbal Santos
Batting: SHB Caden Keith 0-0: Called Strike
0-1: Foul Ball, location: 2F
0-2: Strikes out swinging
Batting: LHB Tom Blake 0-0: Ball
1-0: Swinging Strike
1-1: Ball
2-1: Ball
3-1: Base on Balls
Batting: LHB Doyle Otterburn 0-0: Called Strike
0-1: Ball
1-1: Foul Ball, location: 2F
1-2: Foul Ball, location: 2F
1-2: Ball
2-2: Fielders Choice at 2nd, 3-6 (Groundball, 3)
Batting: RHB Andy Aiton 0-0: Foul Ball, location: 2F
0-1: Foul Ball, location: 2F
0-2: Strikes out looking
Top of the 7th over - 0 run(s), 0 hit(s), 0 error(s), 1 left on base; Kalamazoo 3 - Jersey Shore 0
BOTTOM OF THE 7TH
Jersey Shore D-Bags batting - Pitching for Kalamazoo Royale with Cheese : LHP Octávio Ramírez
Batting: LHB Albert Morgan 0-0: Called Strike
0-1: Ball
1-1: Ball
2-1: Foul Ball, location: 2F
2-2: Strikes out looking
Batting: RHB Luis Ríos 0-0: Ball
1-0: Swinging Strike
1-1: Swinging Strike
1-2: Ball
2-2: Foul Ball, location: 2F
2-2: Ground out 6-3 (Groundball, 6MS)
Batting: LHB António Cedeño 0-0: Ball
1-0: Foul Ball, location: 2F
1-1: Ball
2-1: Fly out, F9 (Flyball, 9LM)
Bottom of the 7th over - 0 run(s), 0 hit(s), 0 error(s), 0 left on base; Kalamazoo 3 - Jersey Shore 0
TOP OF THE 8TH
Kalamazoo Royale with Cheese batting - Pitching for Jersey Shore D-Bags : RHP Cristóbal Santos
Batting: LHB Donovan Bird 0-0: Ball
1-0: Ball
2-0: Ball
3-0: Base on Balls
Batting: LHB Roberto Sandoval 0-0: Ball
1-0: SINGLE (Line Drive, 89S)
Donovan Bird to second
Pitching: LHP Hyo-chin Kim
Batting: LHB Greg Schultz 0-0: Called Strike
0-1: Ball
1-1: Bunted foul
1-2: Ball
2-2: Foul Ball, location: 2F
2-2: Strikes out swinging
Pitching: RHP Paco Gutiérrez
Batting: LHB Bill McJannett 0-0: Called Strike
0-1: Ball
1-1: Fly out, F2 (Popup, 23)
Batting: RHB Jorge Márquez 0-0: Called Strike
0-1: Ball
1-1: Foul Ball, location: 2F
1-2: Strikes out swinging
Top of the 8th over - 0 run(s), 1 hit(s), 0 error(s), 2 left on base; Kalamazoo 3 - Jersey Shore 0
BOTTOM OF THE 8TH
Jersey Shore D-Bags batting - Pitching for Kalamazoo Royale with Cheese : LHP Octávio Ramírez
Batting: LHB Pat Zimmerman 0-0: Ball
1-0: Ball
2-0: Ground out 4-3 (Groundball, 4)
Batting: LHB Ed Murray 0-0: Ball
1-0: Called Strike
1-1: Ground out 6-3 (Groundball, 6)
Batting: LHB Juan Hernández 0-0: Fly out, F9 (Line Drive, 89S)
Bottom of the 8th over - 0 run(s), 0 hit(s), 0 error(s), 0 left on base; Kalamazoo 3 - Jersey Shore 0
TOP OF THE 9TH
Kalamazoo Royale with Cheese batting - Pitching for Jersey Shore D-Bags : RHP Paco Gutiérrez
Batting: SHB Caden Keith 0-0: Ball
1-0: SINGLE (Line Drive, 5)
Batting: LHB Tom Blake 0-0: Bunt missed!
0-1: Bunted foul
0-2: SINGLE (Line Drive, 8RS)
Caden Keith to second
Batting: LHB Doyle Otterburn 0-0: Grounds into double play, 6-4-3 (Groundball, 6M)
Caden Keith to third
Batting: RHB Andy Aiton 0-0: Ball
1-0: Ball
2-0: Ball
3-0: Called Strike
3-1: Fly out, F8 (Flyball, 8RS)
Top of the 9th over - 0 run(s), 2 hit(s), 0 error(s), 1 left on base; Kalamazoo 3 - Jersey Shore 0
BOTTOM OF THE 9TH
Jersey Shore D-Bags batting - Pitching for Kalamazoo Royale with Cheese : LHP Octávio Ramírez
Batting: RHB Ricardo González 0-0: Called Strike
0-1: Ball
1-1: Foul Ball, location: 2F
1-2: Ball
2-2: Ball
3-2: Ground out 6-3 (Groundball, 56)
Batting: RHB Millard Boyd 0-0: Ball
1-0: Ground out 1-3 (Groundball, P)
Batting: RHB Miguel Serna 0-0: Called Strike
0-1: Called Strike
0-2: Ball
1-2: Fly out, F4 (Popup, 34D)
Bottom of the 9th over - 0 run(s), 0 hit(s), 0 error(s), 0 left on base; Kalamazoo 3 - Jersey Shore 0
Tuesday, August 8th, 2017 - OOTP Baseball 17.12 Build 75